 Dungeon Crawl Stone Soup version 0.28.0-53-g5a82cb258f (webtiles) character file.

Game seed: 18246934850534998749

10609 Acheron the Cutter (level 11, -2/89 HPs)
             Began as a Demigod Brigand on July 14, 2022.
             Shot with an arrow by Nessos (19 damage)
             ... on level 2 of the Orcish Mines.
             The game lasted 01:28:55 (11318 turns).

Acheron the Cutter (Demigod Brigand)               Turns: 11318, Time: 01:28:55

Health: -2/89      AC: 11    Str: 20    XL:     11   Next: 16%
Magic:  14/14      EV: 15    Int: 10    God:
Gold:   246        SH:  6    Dex: 19    Spells: 6/10 levels left

rFire   . . .      SeeInvis .   d - +2 short sword (venom)
rCold   + . .      Faith    .   D - +0 buckler
rNeg    + . .      Spirit   .   Q - +0 steam dragon scales
rPois   +          Reflect  .   f - +0 helmet
rElec   .          Harm     .   c - +2 cloak
rCorr   .          Rampage  .   (no gloves)
Will    +....                   r - +0 pair of boots
Stlth   +++++.....              o - amulet of regeneration
HPRegen 1.04/turn               i - ring of protection from cold
MPRegen 0.14/turn               s - ring of the Greedy {rPois rN+ Int-3 Stlth+}

@: lethally poisoned (-2 -> -3), hasted, studying Throwing, very quick
A: high MP 1, forlorn, divine attributes
a: no special abilities


You were on level 2 of the Orcish Mines.
You visited 3 branches of the dungeon, and saw 13 of its levels.
You also visited: Sewer.

You collected 642 gold pieces.
You spent 396 gold pieces at shops.

Inventory:

Hand Weapons
 d - a +2 short sword of venom (weapon)
 w - a +1 war axe
 G - a +3 great sword of protection
 H - a +1 falchion of holy wrath
 L - a +0 flail of draining
 S - a +3 scimitar
 V - a +1 short sword of speed
Missiles
 b - 4 atropa-tipped darts (quivered)
 e - 2 curare-tipped darts
 u - 105 stones
 x - 13 boomerangs
 z - 2 boomerangs of dispersal
 A - 26 poisoned darts
Armour
 c - a +2 cloak (worn)
 f - a +0 helmet (worn)
 r - a +0 pair of boots (worn)
 D - a +0 buckler (worn)
 K - a +2 scale mail of cold resistance
 Q - +0 steam dragon scales (worn)
 U - a +3 scale mail of willpower
Magical Staves
 l - a staff of conjuration
Jewellery
 i - a ring of protection from cold (left hand)
 o - an amulet of regeneration (around neck)
 s - the ring of the Greedy (right hand) {rPois rN+ Int-3 Stlth+}
   (You bought it in a shop on level 1 of the Dungeon)

   [ring of positive energy]

   Int:       It affects your intelligence (-3).
   rPois:     It protects you from poison.
   rN:        It protects you from negative energy.
   Stlth:     It makes you more stealthy.
 J - a ring of magical power
 R - a ring of poison resistance
Wands
 j - a wand of paralysis (4)
 v - a wand of flame (33)
 y - a wand of iceblast (15)
 T - a wand of digging (5)
Scrolls
 h - 5 scrolls of fear
 k - 2 scrolls of enchant armour
 t - 7 scrolls of teleportation
 B - 2 scrolls of blinking
 C - 2 scrolls of magic mapping
 F - a scroll of amnesia
Potions
 g - 5 potions of might
 m - 5 potions of curing
 n - a potion of heal wounds
 p - 3 potions of mutation
 q - a potion of invisibility
 E - a potion of berserk rage
 I - a potion of resistance
 M - a potion of lignification
 N - a potion of flight
 O - a potion of degeneration {unknown}
 P - a potion of brilliance {unknown}


   Skills:
 * Level 6.2 Fighting
 * Level 7.7(8.0) Short Blades
 + Level 3.3(5.9) Long Blades
 * Level 3.6 Axes
 * Level 7.3 Throwing
 + Level 3.5 Armour
 * Level 5.6 Dodging
 * Level 7.6 Stealth
 * Level 4.0 Shields
 + Level 1.3 Hexes
 + Level 1.2 Ice Magic
 * Level 4.7 Evocations


You had 6 spell levels left.
You knew the following spells:

 Your Spells              Type           Power      Damage    Failure   Level
a - Ensorcelled Hibernat  Hex/Ice        4%         N/A       41%         2
b - Passwall              Tmut/Erth      0%         N/A       58%         2

Your spell library contained the following spells:

 Spells                   Type           Power      Damage    Failure   Level
 Animate Skeleton         Necr           0%         N/A       43%         1
 Pain                     Necr           0%         1d4       43%         1
 Gell's Gravitas          Tloc           0%         N/A       82%         3
 Lesser Beckoning         Tloc           0%         N/A       82%         3
 Spider Form              Tmut/Pois      0%         N/A       82%         3
 Swiftness                Air            0%         N/A       82%         3
 Teleport Other           Tloc           0%         N/A       82%         3
 Anguish                  Hex/Necr       0%         N/A       98%         4
 Leda's Liquefaction      Hex/Erth       0%         N/A       98%         4
 Lee's Rapid Deconstruct  Erth           0%         3d5*      100%        5
 Summon Forest            Summ/Tloc      0%         N/A       100%        5
 Summon Mana Viper        Hex/Summ       1%         N/A       100%        5
 Statue Form              Tmut/Erth      0%         N/A       100%        6
 Summon Cactus Giant      Summ           0%         N/A       100%        6


Dungeon Overview and Level Annotations

Branches:
Dungeon (10/15)            Temple (1/1) D:5            Lair (0/6) D:9
    Orc (2/2) D:10          Sewer (visited)
    Elf: Orc:2

Shops:
D:1 =   D:5 (?*(   D:6 ?[   D:10 (*

Annotations:
D:1 exclusion: downstairs
D:6 exclusion: 2 downstairs
D:8 exclusion: upstairs
D:10 Snorg
Orc:2 Nessos


Innate Abilities, Weirdness & Mutations

You have an increased reservoir of magic. (+10% MP)
You shall have no god before yourself.
Your divine heritage dramatically boosts your attributes as you level up.


Message History

You closely miss the orc warrior. The orc warrior closely misses you.
You puncture the orc warrior!
The orc warrior looks as sick as possible!
The orc warrior is moderately wounded.
The orc warrior hits you with a +0 flail!
You hit the orc warrior but do no damage.
The orc warrior looks as sick as possible!
The orc warrior is heavily wounded.
You barely miss the orc warrior.
The orc warrior is severely wounded.
You block the orc warrior's attack.
You hit the orc warrior.
The orc warrior looks as sick as possible!
The orc warrior is almost dead.
You block the orc warrior's attack.
You hit the orc warrior but do no damage.
The orc warrior looks as sick as possible!
The orc warrior is almost dead.
The orc warrior hits you with a +0 flail!
You hit the orc warrior.
You kill the orc warrior!
Nessos mumbles some strange words.
Nessos blinks!
Nessos shoots an arrow.
The arrow hits you!!
* * * LOW HITPOINT WARNING * * *
The arrow burns you.
You are poisoned.
* * * LOW HITPOINT WARNING * * *
You feel much better.
You feel very sick.
Nessos shoots an arrow.
The arrow hits you.
* * * LOW HITPOINT WARNING * * *
The arrow burns you.
* * * LOW HITPOINT WARNING * * *
Nessos shoots an arrow.
The arrow misses you.
You feel yourself speed up.
You feel very sick.
Nessos casts a spell.
Nessos blinks!
Nessos shoots an arrow.
The arrow barely misses you.
Nessos shoots an arrow.
The arrow hits you!!
You die...

##.#.#.#...........))
##.#................
##......#.#.........#
#....................
##.##.#.........#####
######.....<...#_...
##.....c....#8...
####....§.....^#####
#§)@................
#.####...........###
#.#._#..#.........##
#.#..#............#.
#o#..#..#........##.
#)#.)#......... ...
#c##'#..............
#......)............
##.............o....


You could see Nessos (fast).

Vanquished Creatures
  2 two-headed ogres
  4 elephants (D:8)
  An unseen horror (D:10)
  2 trolls
  Grinder (D:3)
  A hornet (D:7)
  Sigmund (D:3)
  A wraith (D:9)
  A yak (D:9)
  A steam dragon (D:9)
  5 water moccasins
  2 sky beasts
  12 orc warriors
  7 black bears
  2 ogres
  4 centaurs
  4 bullfrogs
  3 kobold brigands
  3 scorpions
  10 killer bees
  3 wights (D:9)
  6 howler monkeys
  4 hounds
  4 centaur zombies
  2 gnoll shamans
  12 orc priests
  2 bullfrog skeletons
  Jessica (D:3)
  4 iguanas
  17 orc wizards
  A killer bee zombie (D:7)
  A howler monkey zombie (D:6)
  8 adders
  10 gnolls
  2 white imps
  An ufetubus (D:4)
  4 worms
  2 dart slugs
  56 orcs
  10 endoplasms
  3 giant cockroaches (D:1)
  6 goblins
  9 hobgoblins
  14 jackals
  16 kobolds
  4 quokkas
  9 ball pythons
  5 bats
  3 frilled lizards
  7 rats
293 creatures vanquished.

Vanquished Creatures (collateral kills)
  A wight (D:9)
1 creature vanquished.

Vanquished Creatures (others)
  3 demonic plants (D:1)
  2 fungi
  69 plants
  A withered plant (D:1)
75 creatures vanquished.

Grand Total: 369 creatures vanquished

Notes
Turn   | Place    | Note
-------+----------+-------------------------------------------
     0 | D:1      | Acheron the Demigod Brigand began the quest for the Orb.
     0 | D:1      | Reached XP level 1. HP: 17/17 MP: 3/3
   643 | D:1      | Found Farikhlo's Jewellery Shoppe.
   681 | D:1      | Reached XP level 2. HP: 24/24 MP: 4/4
   712 | D:1      | Reached skill level 1 in Dodging
   978 | D:2      | Reached XP level 3. HP: 7/29 MP: 5/5
  1366 | D:2      | Noticed an ogre
  1564 | D:3      | Learned a level 2 spell: Ensorcelled Hibernation
  1679 | D:3      | Noticed a scorpion
  1709 | D:3      | Noticed Jessica
  1713 | D:3      | Noticed Sigmund
  1795 | D:2      | Reached XP level 4. HP: 36/36 MP: 6/6
  1870 | D:3      | Found a glowing drain.
  1896 | Sewer    | Entered a sewer
  1921 | Sewer    | Identified a scroll of acquirement
  1921 | Sewer    | Acquired a manual of Throwing
  1947 | Sewer    | Noticed a water moccasin
  1983 | Sewer    | Killed a water moccasin
  1984 | Sewer    | Reached skill level 1 in Armour
  1984 | Sewer    | Reached XP level 5. HP: 38/41 MP: 7/7
  2045 | D:3      | Reached skill level 5 in Stealth
  2090 | D:3      | Noticed Grinder
  2096 | D:3      | Paralysed by Grinder for 3 turns
  2440 | D:5      | Entered Level 5 of the Dungeon
  2440 | D:5      | Noticed a water moccasin
  2503 | D:5      | Found Viestink's Weapon Shop.
  2556 | D:6      | Found Apruim's Magic Scroll Boutique.
  2570 | D:6      | Reached skill level 1 in Hexes
  2572 | D:6      | Bought a scroll of magic mapping for 38 gold pieces
  2634 | D:5      | Learned a level 2 spell: Passwall
  2661 | D:5      | Found Guxev's Magic Scroll Boutique.
  2665 | D:5      | Found Nuxzemy's Weapon Shoppe.
  2667 | D:5      | Bought a scroll of identify for 26 gold pieces
  2697 | D:5      | Reached XP level 6. HP: 42/48 MP: 8/8
  3091 | D:6      | Reached skill level 1 in Ice Magic
  3149 | D:6      | Reached skill level 1 in Long Blades
  3288 | D:5      | Found a staircase to the Ecumenical Temple.
  3291 | D:5      | Found Taec's Armour Shop.
  3389 | Temple   | Entered the Ecumenical Temple
  3470 | D:5      | Reached skill level 1 in Evocations
  3470 | D:5      | Reached XP level 7. HP: 53/56 MP: 9/9
  3996 | D:6      | Found Vypturph's Antique Armour Shop.
  4138 | D:6      | Noticed a troll
  4210 | D:6      | Reached skill level 1 in Shields
  4264 | D:7      | Noticed a hornet
  4516 | D:7      | Reached XP level 8. HP: 59/63 MP: 10/10
  5085 | D:9      | Reached skill level 5 in Short Blades
  5132 | D:8      | Noticed an elephant
  5147 | D:10     | Entered Level 10 of the Dungeon
  5222 | D:10     | Found Tymyatunt's Changing Room.
  5399 | D:8      | Reached skill level 1 in Axes
  5399 | D:8      | Reached skill level 5 in Throwing
  5399 | D:8      | Reached XP level 9. HP: 44/71 MP: 11/11
  5903 | D:8      | Noticed an elephant
  5969 | D:8      | Killed an elephant
  6280 | D:6      | Found a runed translucent door.
  6515 | D:5      | Found Peryis's Assorted Antiques.
  6760 | D:4      | Reached skill level 5 in Fighting
  7024 | D:3      | Killed Grinder
  7025 | D:3      | Reached XP level 10. HP: 67/81 MP: 13/13
  7073 | D:3      | Killed Jessica
  7081 | D:3      | Got Jessica's Volume of Sinister Arts
  7154 | D:3      | Killed Sigmund
  7995 | D:7      | Noticed a two-headed ogre
  8587 | D:8      | Noticed an elephant
  8608 | D:8      | Killed an elephant
  8638 | D:8      | Killed an elephant
  9003 | D:9      | Found a staircase to the Lair.
  9003 | D:9      | Noticed an elephant
  9186 | D:9      | Noticed a two-headed ogre
  9203 | D:9      | Killed a two-headed ogre
  9276 | D:9      | Reached skill level 5 in Dodging
  9459 | D:8      | Noticed an elephant
  9476 | D:8      | Killed an elephant
  9615 | D:1      | Bought the ring of the Greedy {rPois rN+ Int-3 Stlth+} for
                  | 332 gold pieces
  9813 | D:7      | Killed a two-headed ogre
 10211 | D:9      | Reached XP level 11. HP: 46/89 MP: 14/14
 10455 | D:10     | Noticed Snorg
 10467 | D:10     | Found Ciasuuva's Weapon Boutique.
 10467 | D:10     | Found a staircase to the Orcish Mines.
 10724 | D:10     | Noticed a two-headed ogre
 10777 | Orc:1    | Entered Level 1 of the Orcish Mines
 10807 | Orc:2    | Entered Level 2 of the Orcish Mines
 11003 | Orc:2    | Noticed Nessos
 11318 | Orc:2    | Shot with an arrow by Nessos

Illustrated notes

Levels and vault maps discovered:
D:1:      dpeg_arrival_tiny_d, layout_rooms, shapermc_ecumenical_altar_gd,
          serial_shops, nicolae_shop_statue_plus
D:2:      layout_rooms
D:3:      layout_basic, cheibrodos_sewer_entry_sluice, kennysheep_jessica_study,
          uniq_grinder, uniq_sigmund
D:4:      minmay_skewed_foursquare, layout_basic, abandoned_shop
D:5:      layout_basic, minmay_temple_entry_offerings, serial_shops, shop,
          nicolae_shop_stone, shop, shop, nicolae_shop_bloodbath_and_beyond,
          minmay_checkerbox
D:6:      layout_loops_cross, serial_shops, shop_fountains,
          nicolae_shop_waterfront, lightli_church_of_beogh
D:7:      layout_basic
D:8:      wad_woods_stonehenge, layout_basic
D:9:      layout_loops_cross, david_lair_generic, special_room
          [special_room_bee], grunt_ministairs_6
D:10:     minmay_evil_eye, layout_stronghold,
          mainiacjoe_overflow_small_starburst, orc_david_3,
          ebering_dispersal_statue_hall, nicolae_transmutations_shop,
          grunt_ministairs_15, kennysheep_generic_room_6, uniq_snorg,
          uniq_maurice
Temple:   mainiacjoe_temple_trianglar_array
Orc:1:    layout_caves, trog_butcher_becter
Orc:2:    grunt_orc_community_town_hall, layout_caves,
          grunt_orc_community_big_house_1, grunt_orc_community_big_house_2,
          grunt_orc_community_house_2, grunt_orc_community_house_1,
          grunt_orc_community_house_2, grunt_orc_community_house_2,
          grunt_orc_community_house_3, minmay_orc_temple_a, uniq_saint_roka,
          uniq_nessos

Skill      XL: |  1  2  3  4  5  6  7  8  9 10 11 |
---------------+----------------------------------+-----
Stealth        | 4 5 6 7 |  7.6
Dodging        | 1 2 3 4 5 |  5.6
Short Blades   | 2 3 5 6 7 |  7.7
Throwing       | 2 3 4 5 6 7 |  7.3
Fighting       | 2 3 4 5 6 |  6.2
Armour         | 1 2 3 |  3.5
Hexes          | 1 |  1.3
Ice Magic      | 1 |  1.2
Long Blades    | 1 2 3 |  3.3
Evocations     | 1 2 3 4 |  4.7
Shields        | 1 2 3 4 |  4.0
Axes           | 1 2 3 |  3.6

Action                   |  1- 3 |  4- 6 |  7- 9 | 10-12 || total
-------------------------+-------+-------+-------+-------++-------
Melee: Dagger            |   130 |    63 |       |       ||   193
       Punch             |     1 |       |       |       ||     1
       Long sword        |       |    88 |    10 |       ||    98
       Short sword       |       |       |   479 |   486 ||   965
       Falchion          |       |       |    95 |    37 ||   132
Throw: Dart              |    12 |     4 |       |     8 ||    24
       Boomerang         |       |       |       |     3 ||     3
Evoke: Wand              |       |     1 |       |       ||     1
  Use: Scroll            |     8 |     4 |     9 |     5 ||    26
       Potion            |       |       |     2 |     2 ||     4
 Stab: Sleeping          |     5 |     6 |    12 |     8 ||    31
       Distracted        |     1 |       |       |     2 ||     3
       Invisible         |       |       |       |     4 ||     4
Armor: Robe              |    13 |       |       |       ||    13
       Leather armour    |    26 |    68 |   169 |    34 ||   297
       Steam dragon scal |       |       |       |    68 ||    68
Dodge: Dodged            |    57 |    95 |   312 |   224 ||   688
Block: Buckler           |       |     4 |   103 |   121 ||   228
